 Dungeon Crawl Stone Soup version 0.21-a0-621-gc60411f (webtiles) character file.

616 tidbits the Firebug (level 7, 0/51 HPs)
             Began as a Gnoll Fire Elementalist on Dec 23, 2017.
             Was an Initiate of Cheibriados.
             Slain by a gnoll shaman
             ... wielding a +0 club
              (6 damage)
             ... on level 7 of the Dungeon.
             The game lasted 00:22:30 (1774 turns).

tidbits the Firebug (Gnoll Fire Elementalist)       Turns: 1774, Time: 00:22:31

Health: 0/51       AC:  5    Str: 11    XL:     7   Next: 45%
Magic:  4/15       EV: 15    Int: 20    God:    Cheibriados [......]
Gold:   6          SH:  0    Dex: 17    Spells: 8/17 levels left

rFire    . . .     SeeInvis .   C - +0 war axe (venom)
rCold    . . .     Gourm    .   (no shield)
rNeg     . . .     Faith    .   B - +0 robe
rPois    .         Spirit   .   E - +2 helmet
rElec    .         Reflect  .   (no cloak)
rCorr    .         Harm     .   (no gloves)
MR       .....                  (no boots)
Stlth    +++.......             (no amulet)
HPRegen  0.17/turn              (no ring)
MPRegen  0.14/turn              (no ring)

@: very slightly contaminated, hasted, quick
A: distributed training, fangs 1, strong nose
a: Bend Time, Renounce Religion


You were on level 7 of the Dungeon.
You worshipped Cheibriados.
Cheibriados was noncommittal.
You were not hungry.

You visited 2 branches of the dungeon, and saw 8 of its levels.

You collected 193 gold pieces.
You spent 187 gold pieces at shops.

Inventory:

Hand Weapons
 a - a +0 short sword
 j - a +0 halberd
 n - a +0 dagger
 A - a +0 falchion
 C - a +0 war axe of venom (weapon)
   (You took it off an orc on level 6 of the Dungeon)
Missiles
 e - 2 throwing nets (quivered) {!f}
 f - 56 arrows
 h - 101 stones
Armour
 k - a +1 hat
 u - a +0 ring mail
 B - a +0 robe (worn)
 E - a +2 helmet (worn)
Wands
 w - a wand of flame (36)
 F - a wand of polymorph (9)
Scrolls
 d - a scroll of blinking {unknown}
 l - 2 scrolls of teleportation {unknown}
 o - 2 scrolls of amnesia
 r - 4 scrolls of remove curse
 v - a scroll of enchant weapon {unknown}
 z - a scroll of random uselessness {unknown}
Potions
 g - a potion of invisibility {unknown}
 i - a potion of berserk rage {unknown}
 m - a potion of degeneration {unknown}
 p - 2 potions of brilliance
 q - 2 potions of heal wounds {unknown}
 s - a potion of flight
 t - a potion of might
 D - a potion of haste
 G - a potion of curing {unknown}
Books
 b - a book of Flames

   Spells                             Type                      Level
   a - Flame Tongue                   Conjuration/Fire             1
   b - Throw Flame                    Conjuration/Fire             2
   c - Conjure Flame                  Conjuration/Fire             3
   d - Inner Flame                    Hexes/Fire                   3
   e - Sticky Flame                   Conjuration/Fire             4
   f - Fireball                       Conjuration/Fire             5
 y - a book of Conjurations
   (You found it on level 4 of the Dungeon)

   Spells                             Type                      Level
   a - Magic Dart                     Conjuration                  1
   b - Searing Ray                    Conjuration                  2
   c - Dazzling Spray                 Conjuration/Hexes            3
   d - Fulminant Prism                Conjuration/Hexes            4
   e - Force Lance                    Conjuration/Translocation    4
   f - Iskenderun's Mystic Blast      Conjuration                  4
Comestibles
 c - 10 rations


   Skills:
 + Level 2.4 Fighting
 + Level 2.4 Short Blades
 + Level 2.4 Long Blades
 + Level 2.4 Axes
 + Level 2.4 Maces & Flails
 + Level 2.4 Polearms
 + Level 2.4 Staves
 + Level 2.4 Slings
 + Level 2.4 Bows
 + Level 2.4 Crossbows
 + Level 2.4 Throwing
 + Level 2.4 Armour
 + Level 5.2 Dodging
 + Level 4.9 Stealth
 + Level 2.4 Shields
 + Level 2.4 Unarmed Combat
 + Level 5.6 Spellcasting
 + Level 3.0 Conjurations
 + Level 2.0 Hexes
 + Level 2.0 Charms
 + Level 2.0 Summonings
 + Level 2.0 Necromancy
 + Level 2.0 Translocations
 + Level 2.0 Transmutations
 + Level 5.8 Fire Magic
 + Level 2.0 Ice Magic
 + Level 2.0 Air Magic
 + Level 2.0 Earth Magic
 + Level 2.0 Poison Magic
 + Level 2.7 Invocations
 + Level 2.4 Evocations


You had 8 spell levels left.
You knew the following spells:

 Your Spells              Type           Power        Failure   Level  Hunger
a - Flame Tongue          Conj/Fire      ###..        1%          1    None
c - Conjure Flame         Conj/Fire      ###.....     5%          3    ##.....
d - Dazzling Spray        Conj/Hex       ###...       12%         3    ##.....
t - Throw Flame           Conj/Fire      ###...       2%          2    None


Dungeon Overview and Level Annotations

Branches:
Dungeon (7/15)             Temple (1/1) D:7

Altars:
Cheibriados
Fedhas
Okawaru
Qazlal
Uskayaw
Vehumet

Shops:
D:7 *

Annotations:
D:3 Amnesiac's ghost, amateur OpTm


Innate Abilities, Weirdness & Mutations

Your experience applies equally to all skills.
You have very sharp teeth.
Your uncanny sense of smell can sniff out nearby items.


Message History

Evoke which item? (* to show all) (? for menu, Esc to quit)
Aiming: Polymorph
Press: ? - help, Shift-Dir - straight line, f - centaur
Aim: a centaur (chance to defeat MR: 51%)
The centaur evaporates and reforms as an acid dragon!
The gnoll shaman calls upon its god to speed up the gnoll.
The gnoll seems to speed up.
Evoke which item? (* to show all) (? for menu, Esc to quit)
Aiming: Polymorph
Press: ? - help, Shift-Dir - straight line, f/p - acid dragon
Aim: an acid dragon (chance to defeat MR: 51%)
The acid dragon evaporates and reforms as a wyvern!
The gnoll hits you but does no damage. The gnoll closely misses you.
The gnoll hits you but does no damage.
As you read the scroll labeled WICZEI COTADUA, it crumbles to dust.
It is a scroll of amnesia.
Okay, then.
The wyvern hisses menacingly.
The gnoll barely misses you. The gnoll completely misses you.
Okay, then.
Casting: Conjure Flame
Confirm with . or Enter, or press ? or * to list all spells.
Aiming: Conjure Flame
Press: ? - help, Dir - move target cursor, p - wyvern The fire ignites!
The gnoll hits you from afar with a spear!
The gnoll completely misses you.
The gnoll hits you from afar with a spear.
Evoke which item? (* to show all) (? for menu, Esc to quit)
Okay, then.
Unknown command.
You hit the gnoll.
The gnoll is poisoned.
The gnoll is moderately wounded.
The gnoll barely misses you. The gnoll hits you with a whip.
The gnoll shaman calls upon its god to heal the gnoll.
The gnoll's wounds heal themselves!
The gnoll closely misses you.
You barely miss the gnoll. The gnoll barely misses you.
The gnoll closely misses you. The gnoll misses you.
The gnoll barely misses you.
You slash the gnoll!
You kill the gnoll!
Cheibriados appreciates the change of pace.
The gnoll misses you. x2
The wyvern is engulfed in blazing flames.
The wyvern misses you.
You completely miss the wyvern. You bite the wyvern, but do no damage.
The wyvern is moderately wounded.
You barely miss the gnoll shaman. The gnoll barely misses you.
The wyvern is engulfed in blazing flames.
The wyvern bites you!
* * * LOW HITPOINT WARNING * * *
The gnoll shaman misses you. The gnoll closely misses you.
The wyvern is engulfed in blazing flames.
The wyvern misses you.
You hit the wyvern.
The wyvern is poisoned.
You bite the wyvern, but do no damage.
The wyvern is severely wounded.
You hit the gnoll shaman. The gnoll closely misses you.
The wyvern is engulfed in blazing flames.
You kill the wyvern!
Cheibriados thoroughly appreciates the change of pace.
Your Hexes skill increases to level 2!
Your Charms skill increases to level 2!
Your Summonings skill increases to level 2!
Your Necromancy skill increases to level 2!
Your Translocations skill increases to level 2!
Your Transmutations skill increases to level 2!
Your Ice Magic skill increases to level 2!
Your Air Magic skill increases to level 2!
Your Earth Magic skill increases to level 2!
Your Poison Magic skill increases to level 2!
The gnoll shaman misses you. The gnoll misses you.
The gnoll shaman closely misses you.
Unknown command.
Evoke which item? (* to show all) (? for menu, Esc to quit)
Aiming: Corrosive Bolt
Press: ? - help, Shift-Dir - straight line, f - gnoll
Aim: a gnoll, wielding a spear (fast)
The bolt of acid hits the gnoll shaman.
The gnoll shaman is splashed with acid.
The acid corrodes the gnoll shaman!
The gnoll shaman is severely wounded.
The bolt of acid hits the gnoll.
The gnoll is splashed with acid.
You kill the gnoll!
Cheibriados thoroughly appreciates the change of pace.
Your Conjurations skill increases to level 3!
The now-empty wand crumbles to dust.
You hit the gnoll shaman.
The gnoll shaman is poisoned.
The gnoll shaman is almost dead.
The gnoll shaman mumbles some strange prayers to its god.
The gnoll shaman is healed somewhat.
The gnoll shaman hits you with a club.
* * * LOW HITPOINT WARNING * * *
You barely miss the gnoll shaman.
The gnoll shaman is severely wounded.
The gnoll shaman hits you with a club.
* * * LOW HITPOINT WARNING * * *
Okay, then.
Unknown command.
It was a potion of haste.
You feel yourself speed up.
Cheibriados forgives your accidental hurry, just this once.
The gnoll shaman hits you with a club.
You die...

#............................#
#........##.#.<.....##.##....#
#....#..###.##......#≈.≈#...##
..#. ##.# #.###.....##.## .##
... #.###†.....####≈>§# ## ..
#...)..##### ##.## .
##..##...### ≈.≈ ......###.§.#
##.## ####...# ###@# #.. ##...
#g# ##. ..g.. ..) .
#.#gg...... .# ....g.......
......... ..######### ##.


You could see a gnoll shaman.

Vanquished Creatures
  A wyvern (D:7)
  A black bear (D:6)
  A bullfrog zombie (D:7)
  3 hounds (D:7)
  2 orc wizards
  A worker ant (D:7)
  A hound zombie (D:5)
  Robin (D:3)
  4 gnolls
  A howler monkey skeleton (D:4)
  2 adders
  An ooze (D:4)
  A worm (D:2)
  2 dart slugs (D:1)
  A leopard gecko (D:3)
  6 orcs
  3 giant cockroaches
  12 goblins
  5 hobgoblins
  7 jackals
  2 quokkas (D:3)
  8 bats
  5 frilled lizards
  7 kobolds
  3 leopard gecko skeletons
  6 rats
87 creatures vanquished.

Notes
Turn   | Place    | Note
-------+----------+-------------------------------------------
     0 | D:1      | tidbits the Gnoll Fire Elementalist began the quest for the Orb.
     0 | D:1      | Reached XP level 1. HP: 13/13 MP: 6/6
    73 | D:1      | Reached skill level 2 in Conjurations
   150 | D:1      | Reached XP level 2. HP: 19/19 MP: 5/7
   155 | D:1      | Learned a level 2 spell: Throw Flame
   352 | D:1      | Reached XP level 3. HP: 17/25 MP: 5/9
   355 | D:1      | Reached skill level 5 in Spellcasting
   360 | D:1      | Learned a level 3 spell: Conjure Flame
   602 | D:3      | Noticed Amnesiac's ghost (amateur OpTm)
   672 | D:2      | Reached skill level 1 in Invocations
   863 | D:3      | Noticed Robin
   903 | D:3      | Reached skill level 1 in Fighting
   903 | D:3      | Reached skill level 1 in Short Blades
   903 | D:3      | Reached skill level 1 in Long Blades
   903 | D:3      | Reached skill level 1 in Axes
   903 | D:3      | Reached skill level 1 in Maces & Flails
   903 | D:3      | Reached skill level 1 in Polearms
   903 | D:3      | Reached skill level 1 in Staves
   903 | D:3      | Reached skill level 1 in Slings
   903 | D:3      | Reached skill level 1 in Bows
   903 | D:3      | Reached skill level 1 in Crossbows
   903 | D:3      | Reached skill level 1 in Throwing
   903 | D:3      | Reached skill level 1 in Armour
   903 | D:3      | Reached skill level 1 in Shields
   903 | D:3      | Reached skill level 1 in Unarmed Combat
   903 | D:3      | Reached skill level 1 in Evocations
   914 | D:3      | Reached XP level 4. HP: 32/32 MP: 3/11
   921 | D:3      | Killed Robin
  1175 | D:4      | Learned a level 3 spell: Dazzling Spray
  1179 | D:4      | Found a radiant altar of Vehumet.
  1227 | D:4      | Noticed a phantom
  1297 | D:3      | Reached skill level 1 in Hexes
  1297 | D:3      | Reached skill level 1 in Charms
  1297 | D:3      | Reached skill level 1 in Summonings
  1297 | D:3      | Reached skill level 1 in Necromancy
  1297 | D:3      | Reached skill level 1 in Translocations
  1297 | D:3      | Reached skill level 1 in Transmutations
  1297 | D:3      | Reached skill level 1 in Ice Magic
  1297 | D:3      | Reached skill level 1 in Air Magic
  1297 | D:3      | Reached skill level 1 in Earth Magic
  1297 | D:3      | Reached skill level 1 in Poison Magic
  1354 | D:5      | Entered Level 5 of the Dungeon
  1360 | D:5      | Found a blossoming altar of Fedhas.
  1390 | D:5      | Reached XP level 5. HP: 34/37 MP: 12/12
  1426 | D:5      | Noticed a phantom
  1481 | D:6      | Noticed a black bear
  1489 | D:6      | Killed a black bear
  1489 | D:6      | Reached skill level 2 in Invocations
  1489 | D:6      | Reached XP level 6. HP: 31/44 MP: 0/13
  1581 | D:7      | Reached skill level 2 in Fighting
  1581 | D:7      | Reached skill level 2 in Short Blades
  1581 | D:7      | Reached skill level 2 in Long Blades
  1581 | D:7      | Reached skill level 2 in Axes
  1581 | D:7      | Reached skill level 2 in Maces & Flails
  1581 | D:7      | Reached skill level 2 in Polearms
  1581 | D:7      | Reached skill level 2 in Staves
  1581 | D:7      | Reached skill level 2 in Slings
  1581 | D:7      | Reached skill level 2 in Bows
  1581 | D:7      | Reached skill level 2 in Crossbows
  1581 | D:7      | Reached skill level 2 in Throwing
  1581 | D:7      | Reached skill level 2 in Armour
  1581 | D:7      | Reached skill level 5 in Dodging
  1581 | D:7      | Reached skill level 2 in Shields
  1581 | D:7      | Reached skill level 2 in Unarmed Combat
  1581 | D:7      | Reached skill level 2 in Evocations
  1600 | D:7      | Found Ylinn's Assorted Antiques.
  1617 | D:7      | Bought 2 bubbling pink potions for 50 gold pieces
  1617 | D:7      | Bought a lead wand for 112 gold pieces
  1617 | D:7      | Bought a murky brown potion for 25 gold pieces
  1645 | D:7      | Found a staircase to the Ecumenical Temple.
  1661 | D:7      | Reached XP level 7. HP: 34/50 MP: 0/15
  1690 | Temple   | Entered the Ecumenical Temple
  1695 | Temple   | Became a worshipper of Cheibriados the Contemplative
  1763 | D:7      | Noticed a wyvern
  1763 | D:7      | an acid dragon changed into a wyvern
  1770 | D:7      | Killed a wyvern
  1770 | D:7      | Reached skill level 2 in Hexes
  1770 | D:7      | Reached skill level 2 in Charms
  1770 | D:7      | Reached skill level 2 in Summonings
  1770 | D:7      | Reached skill level 2 in Necromancy
  1770 | D:7      | Reached skill level 2 in Translocations
  1770 | D:7      | Reached skill level 2 in Transmutations
  1770 | D:7      | Reached skill level 2 in Ice Magic
  1770 | D:7      | Reached skill level 2 in Air Magic
  1770 | D:7      | Reached skill level 2 in Earth Magic
  1770 | D:7      | Reached skill level 2 in Poison Magic
  1771 | D:7      | Reached skill level 3 in Conjurations
  1773 | D:7      | HP: 5/51 [gnoll shaman/club (4)]
  1774 | D:7      | Slain by a gnoll shaman

Vault maps used:
D:1:      arrival_zaba_pyramid
D:2:      hangedman_abyss_or_decor_stabs, serial_park_tiny_pond
D:3:      first_ration, solitary_fountain, uniq_robin
D:4:      vehumet_altar_wand_db, chequers_temple_overflow_minitemple
D:5:      overflow_temple_1_default
D:6:      kennysheep_six_static_rooms, ashenzari_altar_1
D:7:      minmay_temple_entry_metal_lava, serial_shops, shop
Temple:   zaba_magenta_temple

Skill      XL: |  1  2  3  4  5  6  7 |
---------------+----------------------+-----
Conjurations   | 2 3 |  3.0
Spellcasting   | 5 |  5.6
Invocations    | 1 2 |  2.7
Fighting       | 1 2 |  2.4
Short Blades   | 1 2 |  2.4
Long Blades    | 1 2 |  2.4
Axes           | 1 2 |  2.4
Maces & Flails | 1 2 |  2.4
Polearms       | 1 2 |  2.4
Staves         | 1 2 |  2.4
Slings         | 1 2 |  2.4
Bows           | 1 2 |  2.4
Crossbows      | 1 2 |  2.4
Throwing       | 1 2 |  2.4
Armour         | 1 2 |  2.4
Shields        | 1 2 |  2.4
Unarmed Combat | 1 2 |  2.4
Evocations     | 1 2 |  2.4
Hexes          | 1 2 |  2.0
Charms         | 1 2 |  2.0
Summonings     | 1 2 |  2.0
Necromancy     | 1 2 |  2.0
Translocations | 1 2 |  2.0
Transmutations | 1 2 |  2.0
Ice Magic      | 1 2 |  2.0
Air Magic      | 1 2 |  2.0
Earth Magic    | 1 2 |  2.0
Poison Magic   | 1 2 |  2.0
Dodging        | 5 |  5.2
Stealth        | |  4.9
Fire Magic     | |  5.8

Action                   |  1- 3 |  4- 6 |  7- 9 || total
-------------------------+-------+-------+-------++-------
Melee: Unarmed           |    19 |     7 |       ||    26
       Dagger            |     3 |       |       ||     3
       Short sword       |       |    18 |       ||    18
       War axe           |       |       |     7 ||     7
       Bite              |       |       |     2 ||     2
 Cast: Flame Tongue      |    64 |    56 |     7 ||   127
       Throw Flame       |     4 |     2 |       ||     6
       Conjure Flame     |     2 |     4 |     2 ||     8
       Dazzling Spray    |       |     1 |       ||     1
Evoke: Wand              |       |    27 |     3 ||    30
  Use: Potion            |     2 |     1 |     1 ||     4
       Scroll            |       |     6 |     1 ||     7
 Stab: Sleeping          |     1 |     1 |       ||     2
  Eat: Ration            |       |     1 |       ||     1
Armor: Robe              |    12 |    14 |     2 ||    28
       Skin              |    19 |    14 |       ||    33
Dodge: Dodged            |    29 |    55 |    21 ||   105

Table legend:
 A = Spawn XP
 B = Non-spawn XP
 C = Spawn XP percentage of total XP
 D = Spawn monster count
 E = Non-spawn monster count
 F = Spawn count percentage of total count
 G = Total turns spent on level
                    A         B        C        D         E        F      G
               +---------+---------+-------+---------+---------+-------+---------
         Total |       0 |     880 |   0.0 |       0 |      87 |   0.0 |  1774
               +---------+---------+-------+---------+---------+-------+---------
           D:1 |       0 |      44 |   0.0 |       0 |      25 |   0.0 |   487
           D:2 |       0 |      19 |   0.0 |       0 |      12 |   0.0 |   289
           D:3 |       0 |      49 |   0.0 |       0 |      21 |   0.0 |   439
           D:4 |       0 |      23 |   0.0 |       0 |       4 |   0.0 |   139
           D:5 |       0 |      98 |   0.0 |       0 |       8 |   0.0 |   112
           D:6 |       0 |     187 |   0.0 |       0 |       6 |   0.0 |    93
           D:7 |       0 |     460 |   0.0 |       0 |      11 |   0.0 |   205
               +---------+---------+-------+---------+---------+-------+---------

Table legend:
 A = Turns spent in this place as a percentage of turns spent in the entire game.
 B = Non-inter-level travel turns spent in this place as a percentage of non-inter-level travel turns spent in the entire game.
 C = Inter-level travel turns spent in this place as a percentage of turns spent in this place.
 D = Turns resting spent in this place as a percentage of non-inter-level travel turns spent in this place.
 E = Turns spent auto-exploring this place as a percentage of non-inter-level travel turns spent in this place.
 F = Non-inter-level travel turns spent in this place divided by the number of levels of this place that you've seen.
                   A       B       C       D       E      F
               +-------+-------+-------+-------+-------+----------------------
         Total | 100.0 | 100.0 |   0.8 |   0.0 |   0.0 | 219.9
       Dungeon |  99.4 |  99.4 |   0.9 |   0.0 |   0.0 | 249.9
        Temple |   0.6 |   0.6 |   0.0 |   0.0 |   0.0 |  10.0
               +-------+-------+-------+-------+-------+----------------------

Table legend:
 A = Kills in this place as a percentage of kills in entire the game.
 B = Kills by you in this place as a percentage of kills by you in the entire game.
 C = Kills by friends in this place as a percentage of kills by friends in the entire game.
 D = Other kills in this place as a percentage of other kills in the entire game.
 E = Experience gained in this place as a percentage of experience gained in the entire game.
 F = Experience gained in this place divided by the number of levels of this place that you have seen.
                   A       B       C       D       E      F
               +-------+-------+-------+-------+-------+----------------------
         Total | 100.0 | 100.0 |   N/A |   N/A | 100.0 | 110.0
       Dungeon | 100.0 | 100.0 |   N/A |   N/A | 100.0 | 125.7
               +-------+-------+-------+-------+-------+----------------------

Vault maps used:
D:1:      arrival_zaba_pyramid
D:2:      hangedman_abyss_or_decor_stabs, serial_park_tiny_pond
D:3:      first_ration, solitary_fountain, uniq_robin
D:4:      vehumet_altar_wand_db, chequers_temple_overflow_minitemple
D:5:      overflow_temple_1_default
D:6:      kennysheep_six_static_rooms, ashenzari_altar_1
D:7:      minmay_temple_entry_metal_lava, serial_shops, shop
Temple:   zaba_magenta_temple
